 Dungeon Crawl Stone Soup version 0.23.1 (webtiles) character file.

Game seed: 17133472069076866127

742 markt42 the Cudgeler (level 7, -9/44 HPs)
             Began as a Gargoyle Fighter on Mar 10, 2019.
             Mangled by an ogre
             ... wielding a +0 giant club
              (12 damage)
             ... on level 5 of the Dungeon.
             The game lasted 00:03:54 (3786 turns).

markt42 the Cudgeler (Gargoyle Fighter)             Turns: 3786, Time: 00:03:55

Health: -9/44      AC: 15    Str: 19    XL:     7   Next: 76%
Magic:  7/7        EV:  5    Int:  9    God:
Gold:   312        SH:  9    Dex: 11    Spells: 6/6 levels left

rFire    . . .     SeeInvis .   a - +0 flail
rCold    . . .     Gourm    .   c - +0 shield
rNeg     + . .     Faith    .   q - +0 chain mail
rPois    ∞         Spirit   .   (no helmet)
rElec    +         Reflect  .   (no cloak)
rCorr    .         Harm     +   n - +0 pair of gloves (curse)
MR       .....                  (no boots)
Stlth    ..........             o - amulet of harm
HPRegen  0.14/turn              (no ring)
MPRegen  0.10/turn              (no ring)

@: no status effects
A: negative energy resistance 1, electricity resistance, unbreathing,
petrification resistance, rot immunity, AC +4
a: no special abilities


You were on level 5 of the Dungeon.
You were hungry.

You visited 1 branch of the dungeon, and saw 5 of its levels.

You collected 312 gold pieces.

Inventory:

Hand Weapons
 a - a +0 flail (weapon)
Armour
 c - a +0 shield (worn)
 n - a cursed +0 pair of gloves (worn)
 q - a +0 chain mail (worn)
Jewellery
 o - an amulet of harm (around neck)
Wands
 k - a wand of clouds (4)
Scrolls
 g - 3 scrolls of remove curse {unknown}
 h - 5 scrolls of identify {unknown}
 i - 4 scrolls of teleportation {unknown}
 j - 2 scrolls of amnesia {unknown}
 p - 2 scrolls of fear {unknown}
 r - 2 scrolls of enchant weapon {unknown}
Potions
 b - a potion of lignification {unknown}
 d - 4 potions of might
 e - 3 potions of curing {unknown}
 l - a potion of heal wounds {unknown}
 m - a potion of degeneration {unknown}
 s - a potion of resistance {unknown}
Comestibles
 f - 11 rations


   Skills:
 + Level 4.4 Fighting
 * Level 6.2 Maces & Flails
 * Level 5.2 Armour
 + Level 1.0 Dodging
 + Level 4.5 Shields


You had 6 spell levels left.
You didn't know any spells.
Your spell library was empty.

Dungeon Overview and Level Annotations

Branches:
Dungeon (5/15)
 Temple: D:4-7

Altars:

Shops:
D:5 %


Innate Abilities, Weirdness & Mutations

You are resistant to torment.
Your stone body is resilient. (AC +4)
You are immune to poison.
You resist negative energy. (rN+)
You are resistant to electric shocks. (rElec)
You can survive without breathing.
You are immune to petrification.
You are immune to rotting.


Message History

The ogre is severely wounded.
The ogre hits you with a +0 giant club!
You are too injured to fight recklessly!
You are too injured to fight recklessly!
You are too injured to fight recklessly!
You are too injured to fight recklessly!
You completely miss the ogre.
The ogre is severely wounded.
The ogre hits you with a +0 giant club.
* * * LOW HITPOINT WARNING * * *
You hit the ogre but do no damage.
The ogre is severely wounded.
The ogre hits you with a +0 giant club!
* * * LOW HITPOINT WARNING * * *
Okay, then.
You are feeling hungry.
You hit the ogre.
The ogre is almost dead.
The ogre hits you with a +0 giant club!
You die...

.......# .......#..# #
##......#..# #. #..........#
#.##....°○...# ##
#....°☼.○..).# .###
#...........# ### ...##
#.....°.....##... #...##
#.....@O...#..... ###..##
#................ ##...##
#................ ##.....##
#................. #...#...#
#...#..............
.†.###..###.....†.............
..##
##..##.....≈................
..#
#..####....................
..# #..# ####................#


You could see an ogre.

Vanquished Creatures
  Menkaure (D:5)
  A sky beast (D:5)
  A phantom (D:4)
  A centaur (D:5)
  A water moccasin zombie (D:4)
  An orc wizard (D:4)
  A hound (D:4)
  2 iguanas
  2 worker ants (D:4)
  2 hound skeletons
  5 adders
  A shadow imp (D:5)
  2 worms (D:2)
  A dart slug (D:1)
  4 leopard geckos
  9 orcs
  A ball python (D:1)
  7 bats
  5 giant cockroaches
  5 goblins
  6 hobgoblins
  4 jackals (D:5)
  7 kobolds
  A quokka (D:2)
  2 frilled lizards
  A leopard gecko skeleton (D:2)
  A leopard gecko zombie (D:5)
  6 rats
81 creatures vanquished.

Vanquished Creatures (others)
  A bush (D:5)
1 creature vanquished.

Grand Total: 82 creatures vanquished

Notes
Turn   | Place    | Note
-------+----------+-------------------------------------------
     0 | D:1      | markt42 the Gargoyle Fighter began the quest for the Orb.
     0 | D:1      | Reached XP level 1. HP: 14/14 MP: 1/1
   115 | D:1      | Reached XP level 2. HP: 10/19 MP: 2/2
   519 | D:1      | Reached XP level 3. HP: 23/23 MP: 3/3
   927 | D:2      | Reached skill level 3 in Maces & Flails
   934 | D:2      | Reached XP level 4. HP: 29/29 MP: 4/4
  2036 | D:4      | Reached XP level 5. HP: 33/33 MP: 5/5
  2072 | D:3      | Reached skill level 4 in Maces & Flails
  2383 | D:4      | Reached XP level 6. HP: 33/38 MP: 6/6
  2600 | D:4      | Noticed a phantom
  2620 | D:4      | Killed a phantom
  2620 | D:4      | Reached skill level 5 in Maces & Flails
  3169 | D:5      | Entered Level 5 of the Dungeon
  3354 | D:5      | Reached XP level 7. HP: 43/43 MP: 7/7
  3697 | D:5      | Reached skill level 5 in Armour
  3699 | D:5      | Found Gecroifirgh's Food Shop.
  3753 | D:5      | Reached skill level 1 in Dodging
  3765 | D:5      | Noticed Menkaure
  3777 | D:5      | Killed Menkaure
  3777 | D:5      | Reached skill level 6 in Maces & Flails
  3786 | D:5      | Mangled by an ogre

Skill      XL: |  1  2  3  4  5  6  7 |
---------------+----------------------+-----
Maces & Flails | 3 4 5 6 |  6.2
Armour         | 4 5 |  5.2
Shields        | 4 |  4.5
Fighting       | 4 |  4.4
Dodging        | 1 |  1.0

Action                   |  1- 3 |  4- 6 |  7- 9 || total
-------------------------+-------+-------+-------++-------
Melee: Flail             |   122 |   198 |    54 ||   374
Evoke: Wand              |       |       |     1 ||     1
  Eat: Chunk             |       |     6 |       ||     6
       Ration            |       |     1 |       ||     1
Armor: Scale mail        |    58 |    68 |       ||   126
       Chain mail        |       |    23 |    25 ||    48
Dodge: Dodged            |    40 |    52 |     6 ||    98
Block: Shield            |    69 |   110 |    23 ||   202
